 Dungeon Crawl Stone Soup version 0.28-a0-984-g3775c662fe (webtiles) character file.

Game seed: 17251059289694502877

32 oldriver the Conjurer (level 3, -2/26 HPs)
             Began as a Draconian Conjurer on Dec 4, 2021.
             Slain by a black bear (8 damage)
             ... on level 2 of the Dungeon.
             The game lasted 00:01:30 (1398 turns).

oldriver the Conjurer (Draconian Conjurer)          Turns: 1398, Time: 00:01:31

Health: -2/26      AC:  5    Str:  9    XL:     3   Next: 8%
Magic:  7/7        EV: 16    Int: 20    God:
Gold:   2          SH:  0    Dex:  9    Spells: 5/8 levels left

rFire   . . .      SeeInvis .   b - +0 dagger
rCold   . . .      Faith    .   (no shield)
rNeg    . . .      Spirit   .   (armour unavailable)
rPois   .          Reflect  .   (helmet restricted)
rElec   .          Harm     .   (no cloak)
rCorr   .          Rampage  .   (no gloves)
Will    .....                   (no boots)
Stlth   ++........              (no amulet)
HPRegen 0.08/turn               d - +4 ring of evasion
MPRegen 0.10/turn               (no ring)

@: no status effects
A: AC +5, unfitting armour, cold-blooded
a: no special abilities


You were on level 2 of the Dungeon.
You visited 1 branch of the dungeon, and saw 2 of its levels.

You collected 21 gold pieces.
You spent 19 gold pieces at shops.

Inventory:

Hand Weapons
 b - a +0 dagger (weapon)
Jewellery
 d - a +4 ring of evasion (left hand)
Scrolls
 a - a scroll of enchant armour {unknown}
 c - a scroll of noise {unknown}


   Skills:
 - Level 0.2 Short Blades
 - Level 1.7 Dodging
 - Level 1.7 Stealth
 * Level 3.3 Spellcasting
 - Level 4.0 Conjurations


You had 5 spell levels left.
You knew the following spells:

 Your Spells              Type           Power      Damage    Failure   Level
a - Magic Dart            Conj           76%        1d6       2%          1
b - Searing Ray           Conj           38%        2d5       4%          2

Your spell library contained the following spells:

 Spells                   Type           Power      Damage    Failure   Level
 Dazzling Flash           Conj/Hex       22%        N/A       19%         3
 Fulminant Prism          Conj/Hex       5%         3d7       52%         4
 Iskenderun's Mystic Bla  Conj/Tloc      11%        2d4       52%         4


Dungeon Overview and Level Annotations

Branches:
Dungeon (2/15)

Altars:

Shops:
D:1 **:


Innate Abilities, Weirdness & Mutations

Your plain brown scales are hard. (AC +5)
You cannot fit into any form of body armour.
You are cold-blooded and may be slowed by cold attacks.


Message History

The endoplasm is severely wounded.
The endoplasm quivers.
The magic dart hits the endoplasm.
You kill the endoplasm!
You can't see any susceptible monsters within range! (Use Z to cast anyway.)
You can't see any susceptible monsters within range! (Use Z to cast anyway.)
You can't see any susceptible monsters within range! (Use Z to cast anyway.)
A quokka and a goblin come into view.
Found a long sword.
The goblin shouts!
A black bear comes into view.
The goblin moves out of view.
There are monsters nearby!
There are monsters nearby!
The magic dart hits the black bear.
The black bear is lightly wounded.
The magic dart hits the goblin.
You kill the goblin!
The magic dart hits the black bear.
The black bear is moderately wounded.
The magic dart hits the black bear.
The black bear is heavily wounded.
The magic dart hits the black bear.
The black bear is heavily wounded.
The magic dart hits the black bear.
The black bear is severely wounded.
The black bear bites you but does no damage.
The black bear closely misses you. The black bear claws you.
A quokka comes into view.
You hit the black bear.
The black bear is severely wounded.
The black bear goes berserk!
The quokka closely misses you. The black bear bites you.
The black bear completely misses you. The black bear barely misses you.
The black bear bites you. The black bear claws you. x2
* * * LOW HITPOINT WARNING * * *
It was a potion of magic.
Magic courses through your body. The black bear bites you!
You die...

#.####....#
#...>..
#.####..###
#.####.
#.......#
..#.####.
######.##
......... #.#
..#.##### #.#
#†#
###.############
#....@h..##.....
#.###...r......#
#. #.##r##.##.#
#.###.##.##..#
............#
..#.###.###.# #.
### ..# ## r#..
).#..#


You could see a black bear (berserk) and 2 quokkas.

Vanquished Creatures
  A dart slug (D:1)
  A ball python (D:2)
  3 bats
  3 endoplasms
  3 giant cockroaches (D:1)
  3 goblins
  3 hobgoblins
  A frilled lizard (D:1)
  6 kobolds (D:1)
  2 rats
26 creatures vanquished.

Notes
Turn   | Place    | Note
-------+----------+-------------------------------------------
     0 | D:1      | oldriver the Draconian Conjurer began the quest for the
                  | Orb.
     0 | D:1      | Reached XP level 1. HP: 14/14 MP: 3/3
   427 | D:1      | Reached XP level 2. HP: 18/20 MP: 1/5
   538 | D:1      | Learned a level 2 spell: Searing Ray
   640 | D:1      | Found Ceefa's Assorted Antiques.
   721 | D:1      | Found Uhaell's Book Boutique.
  1096 | D:1      | Found Mirru's Assorted Antiques.
  1106 | D:1      | Bought a blue potion for 19 gold pieces
  1311 | D:2      | Reached XP level 3. HP: 26/26 MP: 4/7
  1382 | D:2      | Noticed a black bear
  1398 | D:2      | Slain by a black bear

Illustrated notes

Levels and vault maps discovered:
D:1:      dpeg_arrival_line_fractal, layout_loops_ring, serial_shops,
          nicolae_diamond_shop, nicolae_shop_overgrown_old_shop,
          nicolae_lakefront_shop, item_on_display_b
D:2:      layout_loops_cross, minmay_indecisive_spiral

Skill      XL: |  1  2 |
---------------+-------+-----
Spellcasting   | 3 |  3.3
Short Blades   | |  0.2
Dodging        | |  1.7
Stealth        | |  1.7
Conjurations   | |  4.0

Action                   || total
-------------------------++-------
Melee: Dagger            ||     6
 Cast: Magic Dart        ||    49
  Use: Potion            ||     1
Armor: Skin              ||     2
Dodge: Dodged            ||    10

Table legend: (Time is in decaauts)
 A = Elapsed time spent in this place.
 B = Non-inter-level travel time spent in this place.
 C = Inter-level travel time spent in this place.
 D = Time resting spent in this place.
 E = Time spent auto-exploring this place.
 F = Levels seen in this place.
 G = Mean time per level.
                   A        B        C        D        E       F      G
               +--------+--------+--------+--------+--------+-----+--------+
         Total |   1396 |   1359 |     37 |    228 |   1011 |   2 |  698.0 |
       Dungeon |   1396 |   1359 |     37 |    228 |   1011 |   2 |  698.0 |
               +--------+--------+--------+--------+--------+-----+--------+

Top non-repeatable levels by time:
     D:1: 1169 daAuts
     D:2: 227 daAuts
